 Dungeon Crawl Stone Soup version 0.27-a0-1228-gfd60fd639a (webtiles) character file.

Game seed: 16660360715935369298

126 ZappyNine the Conjurer (level 4, 0/26 HPs)
             Began as a Deep Elf Conjurer on June 8, 2021.
             Was an Initiate of Kikubaaqudgha.
             Slain by Ijyb
             ... wielding a +2 dagger of protection
              (7 damage)
             ... on level 3 of the Dungeon.
             The game lasted 00:02:04 (2607 turns).

ZappyNine the Conjurer (Deep Elf Conjurer)          Turns: 2607, Time: 00:02:05

Health: 0/26       AC:  2    Str: 10    XL:     4   Next: 84%
Magic:  6/12       EV: 12    Int: 24    God:    Kikubaaqudgha [......]
Gold:   106        SH:  0    Dex: 13    Spells: 8/11 levels left

rFire    . . .     SeeInvis .   f - +0 dagger
rCold    . . .     Faith    .   (no shield)
rNeg     . . .     Spirit   .   a - +0 robe
rPois    .         Reflect  .   (no helmet)
rElec    .         Harm     .   (no cloak)
rCorr    .         Rampage  .   (no gloves)
Will     .....                  (no boots)
Stlth    ++........             (no amulet)
HPRegen  0.08/turn              h - +6 ring of strength
MPRegen  0.13/turn              (no ring)

@: no status effects
A: no striking features
a: Renounce Religion


You were on level 3 of the Dungeon.
You worshipped Kikubaaqudgha.
Kikubaaqudgha was noncommittal.
You visited 1 branch of the dungeon, and saw 3 of its levels.

You collected 106 gold pieces.

Inventory:

Hand Weapons
 f - a +0 dagger (weapon)
Armour
 a - a +0 robe (worn)
Jewellery
 h - a +6 ring of strength (left hand)
Scrolls
 b - 2 scrolls of identify {unknown}
 e - a scroll of enchant armour {unknown}
 i - a scroll of immolation {unknown}
 j - a scroll of fear {unknown}
Potions
 d - a potion of mutation {unknown}
 g - 2 potions of curing {unknown}
 k - a potion of invisibility {unknown}


   Skills:
 + Level 1.8 Fighting
 - Level 2.4 Dodging
 - Level 2.4 Stealth
 + Level 4.4 Spellcasting
 + Level 5.2 Conjurations
 + Level 1.7 Necromancy


You had 8 spell levels left.
You knew the following spells:

 Your Spells              Type           Power      Damage    Failure   Level
a - Magic Dart            Conj           100%       1d8       1%          1
b - Searing Ray           Conj           60%        3d5       1%          2

Your spell library contained the following spells:

 Spells                   Type           Power      Damage    Failure   Level
 Corona                   Hex            5%         N/A       10%         1
 Dazzling Flash           Conj/Hex       34%        N/A       10%         3
 Ensorcelled Hibernation  Hex/Ice        10%        N/A       14%         2
 Confusing Touch          Hex            5%         N/A       28%         3
 Tukima's Dance           Hex            5%         N/A       28%         3
 Fulminant Prism          Conj/Hex       8%         3d7       32%         4
 Iskenderun's Mystic Bla  Conj/Tloc      17%        2d5       32%         4


Dungeon Overview and Level Annotations

Branches:
Dungeon (3/15)

Altars:
Kikubaaqudgha

Shops:
D:1 (

Annotations:
D:3 Ijyb


Message History

Things that are here:
a +0 giant club; an ogre corpse Magic restored.
HP restored.
You open the door.
Ijyb the Twisted Goblin comes into view.
She is wielding a +2 dagger of protection and carrying a wand of flame (13).
Ijyb shouts!
There is an open door here.
Ijyb is nearby!
Ijyb is nearby!
Ijyb is nearby!
Casting: Searing Ray (safe; 1% risk of failure)
Confirm with . or Enter, or press ? or * to list all spells.
Aiming: Searing Ray (safe; 1% risk of failure)
Press: ? - help, Shift-Dir - straight line, f - Ijyb
Aim: Ijyb, wielding a +2 dagger of protection, wearing a +0 leather armour and carrying a wand of flame (13) (74% to hit)
The searing ray hits Ijyb.
Ijyb is lightly wounded. (Press . to maintain the ray.) Ijyb zaps a wand.
The puff of flame hits you!
The searing ray hits Ijyb!
Ijyb is heavily wounded.
Ijyb closely misses you.
Unknown command.
The searing ray hits Ijyb.
Ijyb is severely wounded.
Ijyb zaps a wand.
The puff of flame hits you!
* * * LOW HITPOINT WARNING * * *
Unknown command.
Casting: Searing Ray (safe; 1% risk of failure)
Confirm with . or Enter, or press ? or * to list all spells.
Aiming: Searing Ray (safe; 1% risk of failure)
Press: ? - help, Shift-Dir - straight line, f/p - Ijyb
Aim: Ijyb, wielding a +2 dagger of protection, wearing a +0 leather armour and carrying a wand of flame (11) (severely wounded, 74% to hit)
The searing ray hits Ijyb.
Ijyb is almost dead. (Press . to maintain the ray.) Ijyb hits you with a +2 dagger of protection!
You die...
Kikubaaqudgha rasps: "You have failed me!
Welcome... death!"

#.#######...
#.##.#####
#.####..... #.
..# #.#......#
## #..
#.'......## #..
#####.......#
#..
#......###.##
#.####.###.#
#......#.####..
#......@.......
#....).#g......
##....##.....#.
#....# ######
+....# #....#
#....# #....#
######


You could see Ijyb.

Vanquished Creatures
  An ogre (D:3)
  An adder (D:2)
  A dart slug (D:2)
  4 bats
  2 endoplasms
  2 giant cockroaches (D:1)
  2 goblins
  4 hobgoblins
  4 ball pythons
  2 frilled lizards (D:1)
  3 kobolds
  2 rats (D:1)
28 creatures vanquished.

Notes
Turn   | Place    | Note
-------+----------+-------------------------------------------
     0 | D:1      | ZappyNine the Deep Elf Conjurer began the quest for the
                  | Orb.
     0 | D:1      | Reached XP level 1. HP: 10/10 MP: 6/6
   210 | D:1      | Found Liso's Weapon Emporium.
   397 | D:1      | Found a faded altar of an unknown god.
   782 | D:1      | Reached XP level 2. HP: 16/16 MP: 5/8
   790 | D:1      | Learned a level 2 spell: Searing Ray
  1449 | D:2      | Reached skill level 1 in Fighting
  1694 | D:2      | Reached XP level 3. HP: 10/20 MP: 5/10
  2022 | D:2      | Found an ancient bone altar of Kikubaaqudgha.
  2270 | D:2      | Became a worshipper of Kikubaaqudgha
  2481 | D:3      | Noticed an ogre
  2488 | D:3      | Killed an ogre
  2489 | D:3      | Reached skill level 5 in Conjurations
  2489 | D:3      | Reached skill level 1 in Necromancy
  2489 | D:3      | Reached XP level 4. HP: 25/26 MP: 2/12
  2603 | D:3      | Noticed Ijyb
  2607 | D:3      | Slain by Ijyb

Illustrated notes

Levels and vault maps discovered:
D:1:      beargit_arrival_greenhouse, layout_basic, serial_shops, shop,
          shapermc_ecumenical_altar_mp_urbaneastern
D:2:      layout_basic, basic_altar
D:3:      lemuel_castle_with_subvaults [lemuel_castle_interior_carwin_1],
          layout_basic, overflow_temple_1_default, serial_shops, shop_statue,
          uniq_ijyb, uniq_jessica

Skill      XL: |  1  2  3 |
---------------+----------+-----
Fighting       | 1 |  1.8
Spellcasting   | 4 |  4.4
Conjurations   | 5 |  5.2
Necromancy     | 1 |  1.7
Dodging        | |  2.4
Stealth        | |  2.4

Action                   |  1- 3 |  4- 6 || total
-------------------------+-------+-------++-------
Melee: Unarmed           |    21 |       ||    21
       Dagger            |    14 |       ||    14
 Cast: Magic Dart        |    17 |       ||    17
       Searing Ray       |    17 |     2 ||    19
  Use: Potion            |     1 |       ||     1
 Stab: Sleeping          |     1 |       ||     1
Armor: Robe              |    20 |       ||    20
Dodge: Dodged            |    45 |     1 ||    46

Table legend: (Time is in decaauts)
 A = Elapsed time spent in this place.
 B = Non-inter-level travel time spent in this place.
 C = Inter-level travel time spent in this place.
 D = Time resting spent in this place.
 E = Time spent auto-exploring this place.
 F = Levels seen in this place.
 G = Mean time per level.
                   A        B        C        D        E       F      G
               +--------+--------+--------+--------+--------+-----+--------+
         Total |   2605 |   2564 |     41 |    169 |   2173 |   3 |  868.3 |
       Dungeon |   2605 |   2564 |     41 |    169 |   2173 |   3 |  868.3 |
               +--------+--------+--------+--------+--------+-----+--------+

Top non-repeatable levels by time:
     D:1: 1352 daAuts
     D:2: 1032 daAuts
     D:3: 220 daAuts
